Penguins vs Canucks
Created - 29 décembre 2013 at 22:32
Goals
|
| Penguins |
1 |
1 |
0 |
2 |
| Canucks |
2 |
2 |
0 |
4 |
|
Shots
|
| Penguins |
11 |
15 |
9 |
35 |
| Canucks |
11 |
17 |
8 |
36 |
|
1st period
1. Penguins , Peter Forsberg 20 (Tom Preissing, Steven Reinprecht) at 8:06
2. Canucks , Jaromir Jagr 19 (Ryan Getzlaf) at 16:43
3. Canucks , Erik Christensen 6 (Daniel Paille) at 18:55
Penalties :
Clarke MacArthur (Van) for Tripping (Minor) at 0:09, Ryan Getzlaf (Van) for Hooking (Minor) at 16:44
2nd period
4. Penguins , Peter Forsberg 21 (Dan Hamhuis) at 6:06 (PP)
5. Canucks , Matt Stajan 6 (François Beauchemin, Scott Niedermayer) at 17:12
6. Canucks , Clarke MacArthur 11 (Mark Streit, Brent Sopel) at 18:17
Penalties :
Steven Reinprecht (Pit) for Hooking (Minor) at 2:22, Erik Christensen (Van) for Tripping (Minor) at 4:43, Brent Sopel (Van) for Tripping (Minor) at 6:41, Peter Worrell (Van) for Holding (Minor) at 7:29
3rd period
No Goal
Penalties :
Joe Callahan (Van) for Interference (Minor) at 0:39, Darren Reid (Pit) for Hooking (Minor) at 15:26, Peter Forsberg (Pit) for Holding (Minor) at 16:40
Goalie Stats
Ondrej Pavelec (Pit), 32 saves from 36 shots - (0,889), L, 3-7-5, 60:00 minutes
Carey Price (Van), 33 saves from 35 shots - (0,943), W, 11-13-1, 60:00 minutes
Players Stats for Penguins
Player Name G A P +/- PIM S H SB GA TA FO MP PP MP PK MP
------------------------------------------------------------------------------------
Brad Isbister 0 0 0 -1 0 1 0 0 0 0 0/0 14:23 0:01 0:27
Brooks Orpik 0 0 0 -1 0 1 0 0 0 1 0/0 20:53 3:29 2:09
Carlo Colaiacovo 0 0 0 -1 0 0 2 2 0 1 0/0 17:45 3:29 0:00
Dainius Zubrus 0 0 0 -1 0 1 1 0 0 1 0/1 12:35 0:01 2:41
Dan Hamhuis 0 1 1 -1 0 1 2 2 0 0 0/0 25:55 6:38 3:03
Darren Reid 0 0 0 0 2 3 2 0 0 0 1/2 20:08 5:31 0:01
Denis Arkhipov 0 0 0 -1 0 0 2 1 1 0 1/6 12:30 0:01 2:52
Jere Lehtinen 0 0 0 -1 0 0 1 0 0 0 0/0 7:34 0:00 0:00
Marc-Édouard Vlasic 0 0 0 -1 0 2 2 3 0 0 0/0 23:25 6:38 0:00
Mike Watt 0 0 0 -1 0 4 1 2 0 0 0/0 13:18 4:35 0:00
Peter Forsberg 2 0 2 0 2 8 3 0 0 0 9/19 21:04 5:31 0:53
Ryan Kesler 0 0 0 -1 0 2 3 0 1 2 5/14 18:11 4:35 0:34
Steve Staios 0 0 0 -1 0 3 0 2 1 0 0/0 16:24 0:00 3:03
Steven Reinprecht 0 1 1 -1 2 0 0 0 0 0 0/2 8:22 0:00 0:43
Taylor Pyatt 0 0 0 0 0 6 2 0 2 1 2/2 20:08 5:31 0:00
Ted Purcell 0 0 0 -1 0 0 0 2 1 0 0/1 17:13 4:35 0:00
Tom Preissing 0 1 1 -1 0 1 1 1 0 0 0/0 15:12 0:00 2:09
Ville Peltonen 0 0 0 -1 0 2 0 0 0 1 0/0 9:00 0:00 1:27
Players Stats for Canucks
Player Name G A P +/- PIM S H SB GA TA FO MP PP MP PK MP
------------------------------------------------------------------------------------
Brent Sopel 0 1 1 1 2 2 1 2 1 0 0/0 24:55 2:17 3:38
Clarke MacArthur 1 0 1 1 2 5 1 0 1 0 0/1 20:09 2:48 2:46
Daniel Paille 0 1 1 1 0 2 1 0 0 0 0/0 9:51 0:00 0:24
David Jones 0 0 0 0 0 0 1 0 1 0 0/0 12:17 0:00 2:10
Derian Hatcher 0 0 0 0 0 0 1 2 0 0 0/0 18:35 0:00 6:08
Erik Christensen 1 0 1 1 2 4 1 0 0 0 3/3 10:19 0:00 0:56
Fabian Brunnstrom 0 0 0 0 0 1 0 0 0 0 0/0 11:20 2:24 0:00
François Beauchemin 0 1 1 1 0 1 1 0 0 2 0/0 21:20 0:00 6:12
Jaromir Jagr 1 0 1 1 0 8 0 0 2 0 10/12 22:53 2:48 5:46
Jeremy Williams 0 0 0 1 0 2 2 0 0 0 0/0 9:03 0:00 0:00
Jiri Hudler 0 0 0 0 0 0 1 1 1 0 1/2 9:21 0:00 0:00
Joe Callahan 0 0 0 0 2 0 0 0 1 1 0/0 15:45 2:17 3:20
Mark Streit 0 1 1 2 0 2 1 0 0 0 0/0 22:45 2:55 0:56
Matt Stajan 1 0 1 1 0 1 0 0 0 0 3/6 16:31 2:24 2:24
Peter Worrell 0 0 0 1 2 1 2 1 0 0 0/1 16:16 0:00 4:36
Ryan Getzlaf 0 1 1 1 2 4 1 0 0 1 12/22 16:55 2:48 0:00
Scott Niedermayer 0 1 1 2 0 0 1 1 0 0 0/0 16:46 2:55 0:00
Zigmund Palffy 0 0 0 1 0 3 1 0 0 2 0/0 13:35 2:24 0:00
3 Stars
1 - Peter Forsberg (Pit)
2 - Carey Price (Van)
3 - Matt Stajan (Van)
Power Play
Penguins - 1 on 6 Attempt(s) - 16,67%
Canucks - 0 on 3 Attempt(s) - 0,00%
Penalty Kill
Penguins - 3 on 3 Attempt(s) - 100,00%
- Score 0 goal in Penalty Kill
Canucks - 5 on 6 Attempt(s) - 83,33%
- Score 0 goal in Penalty Kill
Official
Referees : Lee Chris and Peel Tim
Linesman : Tony Sericolo and Darren Gibbs
Game Notes
No Game Note
Finance
Level 1 -- Attendance: 4134 (68,90%) -- Ticket Income 409 266 $
Level 2 -- Attendance: 4626 (92,52%) -- Ticket Income 240 552 $
Level 3 -- Attendance: 1905 (95,25%) -- Ticket Income 57 150 $
Level 4 -- Attendance: 4000 (100,00%) -- Ticket Income 68 000 $
Luxury Box -- Attendance: 948 (94,80%) -- Ticket Income 94 800 $
Game was played at the Budweiser Coliseum
Total Attendance: 15613 (86,74%)
Total Ticket Income: 869 768 $
Other Income: 130 465 $
Total Income: 1 000 233 $
Penguins
5 vs 5 Forward
Center Left Wing Right Wing Time % Phy DF OF
1 Peter Forsberg Taylor Pyatt Darren Reid 40 0 1 4
2 Ryan Kesler Brad Isbister Ted Purcell 39 1 1 3
3 Denis Arkhipov Mike Watt Dainius Zubrus 16 1 1 3
4 Steven Reinprecht Ville Peltonen Jere Lehtinen 5 1 1 3
5 vs 5 Defense
Defense Defense Time % Phy DF OF
1 Marc-Édouard Vlasic Dan Hamhuis 40 1 1 3
2 Carlo Colaiacovo Brooks Orpik 30 1 2 2
3 Tom Preissing Steve Staios 20 1 2 2
4 Marc-Édouard Vlasic Brooks Orpik 10 1 1 3
PowerPlay Forward
Center Left Wing Right Wing Time % Phy DF OF
1 Peter Forsberg Taylor Pyatt Darren Reid 60 1 1 3
2 Ryan Kesler Mike Watt Ted Purcell 40 1 1 3
PowerPlay Defense
Defense Defense Time % Phy DF OF
1 Dan Hamhuis Marc-Édouard Vlasic 60 1 1 3
2 Carlo Colaiacovo Brooks Orpik 40 1 1 3
Penalty Kill 4 Players Forward
Center Wing Time % Phy DF OF
1 Denis Arkhipov Dainius Zubrus 60 1 3 1
2 Steven Reinprecht Ville Peltonen 40 1 3 1
Penalty Kill 4 Players Defense
Defense Defense Time % Phy DF OF
1 Steve Staios Dan Hamhuis 60 1 3 1
2 Brooks Orpik Tom Preissing 40 1 3 1
Penalty Kill - 3 Players Forward
Forward Time % Phy DF OF
1 Denis Arkhipov 60 1 3 1
2 Ville Peltonen 40 1 3 1
Penalty Kill - 3 Players Defense
Defense Defense Time % Phy DF OF
1 Dan Hamhuis Steve Staios 60 1 3 1
2 Brooks Orpik Tom Preissing 40 1 3 1
4 vs 4 Forward
Center Wing Time % Phy DF OF
1 Peter Forsberg Darren Reid 60 1 1 3
2 Ryan Kesler Ted Purcell 40 1 1 3
4 vs 4 Defense
Defense Defense Time % Phy DF OF
1 Dan Hamhuis Marc-Édouard Vlasic 60 1 1 3
2 Carlo Colaiacovo Brooks Orpik 40 1 1 3
Last Minutes Offensive
Center Left Wing Right Wing Defense Defense
Peter Forsberg Taylor Pyatt Darren Reid Marc-Édouard Vlasic Carlo Colaiacovo
Last Minutes Defensive
Center Left Wing Right Wing Defense Defense
Denis Arkhipov Ville Peltonen Darren Reid Dan Hamhuis Tom Preissing
Goaltenders
Starting : Ondrej Pavelec
Backup : Brian Elliott
Extra Forwards
Normal : Ryan Kesler, Peter Forsberg, Darren Reid - PP : Ryan Kesler, Darren Reid - PK : Dainius Zubrus
Extra Defensemen
Normal : Steve Staios, Marc-Édouard Vlasic, Dan Hamhuis - PP : Marc-Édouard Vlasic - PK : Brooks Orpik, Dan Hamhuis
Penalty Shots
Peter Forsberg, Ted Purcell, Ryan Kesler, Taylor Pyatt, Darren Reid
Canucks
5 vs 5 Forward
Center Left Wing Right Wing Time % Phy DF OF
1 Ryan Getzlaf Clarke MacArthur Jaromir Jagr 40 1 2 2
2 Matt Stajan Peter Worrell Zigmund Palffy 30 1 2 2
3 Jiri Hudler Fabian Brunnstrom David Jones 20 1 2 2
4 Erik Christensen Daniel Paille Jeremy Williams 10 1 2 2
5 vs 5 Defense
Defense Defense Time % Phy DF OF
1 Mark Streit Brent Sopel 49 1 2 2
2 Scott Niedermayer François Beauchemin 30 1 2 2
3 Derian Hatcher Joe Callahan 20 1 2 2
4 Mark Streit Scott Niedermayer 1 1 2 2
PowerPlay Forward
Center Left Wing Right Wing Time % Phy DF OF
1 Ryan Getzlaf Clarke MacArthur Jaromir Jagr 60 1 2 2
2 Matt Stajan Fabian Brunnstrom Zigmund Palffy 40 1 2 2
PowerPlay Defense
Defense Defense Time % Phy DF OF
1 Mark Streit Scott Niedermayer 60 1 2 2
2 Brent Sopel Joe Callahan 40 1 2 2
Penalty Kill 4 Players Forward
Center Wing Time % Phy DF OF
1 Jaromir Jagr Peter Worrell 60 1 2 2
2 Clarke MacArthur Matt Stajan 40 1 2 2
Penalty Kill 4 Players Defense
Defense Defense Time % Phy DF OF
1 Derian Hatcher François Beauchemin 60 1 2 2
2 Brent Sopel Joe Callahan 40 1 2 2
Penalty Kill - 3 Players Forward
Forward Time % Phy DF OF
1 Jaromir Jagr 60 1 2 2
2 Peter Worrell 40 1 2 2
Penalty Kill - 3 Players Defense
Defense Defense Time % Phy DF OF
1 Brent Sopel François Beauchemin 60 1 2 2
2 Joe Callahan Derian Hatcher 40 1 2 2
4 vs 4 Forward
Center Wing Time % Phy DF OF
1 Jaromir Jagr Clarke MacArthur 60 1 2 2
2 Ryan Getzlaf Matt Stajan 40 1 2 2
4 vs 4 Defense
Defense Defense Time % Phy DF OF
1 Mark Streit Brent Sopel 60 1 2 2
2 Scott Niedermayer François Beauchemin 40 1 2 2
Last Minutes Offensive
Center Left Wing Right Wing Defense Defense
Matt Stajan Clarke MacArthur Jaromir Jagr Mark Streit Scott Niedermayer
Last Minutes Defensive
Center Left Wing Right Wing Defense Defense
Matt Stajan Peter Worrell Jaromir Jagr Mark Streit Scott Niedermayer
Goaltenders
Starting : Carey Price
Backup : José Theodore
Extra Forwards
Normal : Fabian Brunnstrom, Jiri Hudler, David Jones - PP : Fabian Brunnstrom, Jiri Hudler - PK : David Jones
Extra Defensemen
Normal : François Beauchemin, Joe Callahan, Brent Sopel - PP : François Beauchemin - PK : Joe Callahan, Brent Sopel
Penalty Shots
Jaromir Jagr, Peter Worrell, Clarke MacArthur, Matt Stajan, Zigmund Palffy
% Time on Ice - Penguins
Lines # - Real PCT - Wanted PCT - Time Play
Normal Forward
1 - 35% - 40% - 15:37
2 - 28% - 39% - 12:43
3 - 20% - 16% - 8:53
4 - 17% - 5% - 7:28
Normal Defense
1 - 37% - 40% - 16:27
2 - 32% - 30% - 14:19
3 - 28% - 20% - 12:40
4 - 3% - 10% - 1:15
PP Forward
1 - 55% - 60% - 5:32
2 - 45% - 40% - 4:35
PP Defense
1 - 66% - 60% - 6:38
2 - 34% - 40% - 3:29
PK Forward
1 - 70% - 60% - 3:08
2 - 30% - 40% - 1:19
PK Defense
1 - 66% - 60% - 2:55
2 - 34% - 40% - 1:32
PK3 Forward
1 - 82% - 60% - 0:37
2 - 18% - 40% - 0:08
PK3 Defense
1 - 18% - 60% - 0:08
2 - 82% - 40% - 0:37
44 Forward
1 - 0% - 60%
2 - 0% - 40%
44 Defense
1 - 0% - 60%
2 - 0% - 40%
Last Minute Offensive - 0:00
Last Minute Defensive - 0:00
Total
Forward - 60:00
Defense - 60:00
|
% Time on Ice - Canucks
Lines # - Real PCT - Wanted PCT - Time Play
Normal Forward
1 - 33% - 40% - 14:55
2 - 28% - 30% - 12:25
3 - 19% - 20% - 8:27
4 - 20% - 10% - 8:54
Normal Defense
1 - 43% - 49% - 19:06
2 - 34% - 30% - 15:01
3 - 21% - 20% - 9:32
4 - 2% - 1% - 1:02
PP Forward
1 - 54% - 60% - 2:48
2 - 46% - 40% - 2:24
PP Defense
1 - 56% - 60% - 2:55
2 - 44% - 40% - 2:17
PK Forward
1 - 73% - 60% - 6:32
2 - 27% - 40% - 2:24
PK Defense
1 - 54% - 60% - 4:48
2 - 46% - 40% - 4:08
PK3 Forward
1 - 65% - 60% - 0:46
2 - 35% - 40% - 0:25
PK3 Defense
1 - 100% - 60% - 1:11
2 - 0% - 40% - 0:00
44 Forward
1 - 0% - 60%
2 - 0% - 40%
44 Defense
1 - 0% - 60%
2 - 0% - 40%
Last Minute Offensive - 0:00
Last Minute Defensive - 0:00
Total
Forward - 60:00
Defense - 60:00
|
Play by Play
1st period
0:01 of 1st period - Ryan Getzlaf wins face-off versus Peter Forsberg in neutral zone.
0:09 of 1st period - Minor Penalty to Clarke MacArthur for Tripping.
0:10 of 1st period - Jaromir Jagr wins face-off versus Peter Forsberg in Canucks zone.
1:29 of 1st period - Wrist shot by Matt Stajan.
1:29 of 1st period - Shot Blocked by Carlo Colaiacovo.
2:09 of 1st period - Penalty to Clarke MacArthur is over, Clarke MacArthur is back on ice.
2:11 of 1st period - Dan Hamhuis is hit by Clarke MacArthur and loses puck.
3:32 of 1st period - Derian Hatcher is hit by Tom Preissing and loses puck.
4:05 of 1st period - Tom Preissing is hit by Peter Worrell and loses puck.
4:24 of 1st period - Snap shot by Erik Christensen.
4:24 of 1st period - Stopped by Ondrej Pavelec without a rebound.
4:25 of 1st period - Erik Christensen wins face-off versus Ryan Kesler in Penguins zone.
4:31 of 1st period - Icing by Brad Isbister.
4:32 of 1st period - Ryan Kesler wins face-off versus Ryan Getzlaf in Penguins zone.
4:37 of 1st period - Ryan Getzlaf is hit by Ryan Kesler and loses puck.
5:29 of 1st period - Wrist shot by Ryan Kesler.
5:29 of 1st period - Shot Misses the Net.
5:31 of 1st period - Slapshot by Brooks Orpik.
5:31 of 1st period - Stopped by Carey Price without a rebound.
5:32 of 1st period - Ryan Getzlaf wins face-off versus Peter Forsberg in Canucks zone.
6:31 of 1st period - Wrist shot by Dainius Zubrus.
6:31 of 1st period - Shot Blocked by Jiri Hudler.
6:43 of 1st period - Slapshot by Clarke MacArthur.
6:43 of 1st period - Shot Misses the Net.
7:25 of 1st period - Peter Worrell is hit by Dainius Zubrus and loses puck.
8:02 of 1st period - Snap shot by Steven Reinprecht.
8:02 of 1st period - Shot Misses the Net.
8:06 of 1st period - Snap shot by Peter Forsberg.
8:06 of 1st period - Goal by Peter Forsberg - Penguins : 1 - Canucks : 0.
8:07 of 1st period - Ryan Kesler wins face-off versus Ryan Getzlaf in neutral zone.
8:41 of 1st period - Wrist shot by Taylor Pyatt.
8:41 of 1st period - Stopped by Carey Price without a rebound.
8:42 of 1st period - Darren Reid wins face-off versus Clarke MacArthur in Canucks zone.
8:43 of 1st period - Slapshot by Peter Forsberg.
8:43 of 1st period - Stopped by Carey Price without a rebound.
8:44 of 1st period - Peter Forsberg wins face-off versus Ryan Getzlaf in Canucks zone.
8:47 of 1st period - Snap shot by Darren Reid.
8:47 of 1st period - Stopped by Carey Price without a rebound.
8:48 of 1st period - Peter Forsberg wins face-off versus Ryan Getzlaf in Canucks zone.
9:03 of 1st period - Snap shot by Clarke MacArthur.
9:03 of 1st period - Stopped by Ondrej Pavelec with a rebound.
9:29 of 1st period - Snap shot by Darren Reid.
9:29 of 1st period - Stopped by Carey Price with a rebound.
9:31 of 1st period - Wrist shot by Peter Forsberg.
9:31 of 1st period - Stopped by Carey Price without a rebound.
9:32 of 1st period - Ryan Getzlaf wins face-off versus Ryan Kesler in Canucks zone.
9:59 of 1st period - Marc-Édouard Vlasic is hit by Peter Worrell and loses puck.
10:30 of 1st period - Wrist shot by Ville Peltonen.
10:30 of 1st period - Stopped by Carey Price with a rebound.
11:22 of 1st period - Snap shot by Darren Reid.
11:22 of 1st period - Stopped by Carey Price with a rebound.
12:24 of 1st period - Snap shot by Jaromir Jagr.
12:24 of 1st period - Shot Misses the Net.
12:32 of 1st period - Snap shot by Ryan Getzlaf.
12:32 of 1st period - Stopped by Ondrej Pavelec with a rebound.
13:26 of 1st period - Snap shot by Ville Peltonen.
13:26 of 1st period - Shot Misses the Net.
13:36 of 1st period - Jere Lehtinen is hit by Mark Streit and loses puck.
13:57 of 1st period - Snap shot by Peter Forsberg.
13:57 of 1st period - Shot Misses the Net.
14:26 of 1st period - Peter Worrell is hit by Dan Hamhuis and loses puck.
14:31 of 1st period - Snap shot by Mike Watt.
14:31 of 1st period - Stopped by Carey Price with a rebound.
14:46 of 1st period - Brooks Orpik is hit by Jiri Hudler and loses puck.
15:46 of 1st period - Snap shot by Jaromir Jagr.
15:46 of 1st period - Stopped by Ondrej Pavelec with a rebound.
15:48 of 1st period - Snap shot by Clarke MacArthur.
15:48 of 1st period - Shot Blocked by Ted Purcell.
15:50 of 1st period - Slapshot by Scott Niedermayer.
15:50 of 1st period - Shot Blocked by Marc-Édouard Vlasic.
15:52 of 1st period - Slapshot by Brent Sopel.
15:52 of 1st period - Deflect By Jaromir Jagr.
15:52 of 1st period - Stopped by Ondrej Pavelec with a rebound.
16:12 of 1st period - Wrist shot by Jiri Hudler.
16:12 of 1st period - Shot Misses the Net.
16:22 of 1st period - Darren Reid is hit by Brent Sopel.
16:26 of 1st period - Darren Reid is hit by Scott Niedermayer and loses puck.
16:41 of 1st period - Slapshot by Jaromir Jagr.
16:41 of 1st period - Stopped by Ondrej Pavelec without a rebound.
16:42 of 1st period - Ryan Getzlaf wins face-off versus Denis Arkhipov in Penguins zone.
16:43 of 1st period - Snap shot by Jaromir Jagr.
16:43 of 1st period - Goal by Jaromir Jagr - Penguins : 1 - Canucks : 1.
16:44 of 1st period - Ryan Kesler wins face-off versus Ryan Getzlaf in neutral zone.
16:44 of 1st period - Minor Penalty to Ryan Getzlaf for Hooking.
16:45 of 1st period - Peter Forsberg wins face-off versus Peter Worrell in Canucks zone.
17:10 of 1st period - Derian Hatcher is hit by Mike Watt and loses puck.
17:15 of 1st period - Snap shot by Mike Watt.
17:15 of 1st period - Shot Hit the Post.
17:17 of 1st period - Snap shot by Ted Purcell.
17:17 of 1st period - Deflect By Ryan Kesler.
17:17 of 1st period - Stopped by Carey Price with a rebound.
18:36 of 1st period - Dan Hamhuis is hit by David Jones and loses puck.
18:44 of 1st period - Penalty to Ryan Getzlaf is over, Ryan Getzlaf is back on ice.
18:51 of 1st period - Wrist shot by Erik Christensen.
18:51 of 1st period - Stopped by Ondrej Pavelec without a rebound.
18:52 of 1st period - Erik Christensen wins face-off versus Steven Reinprecht in Penguins zone.
18:53 of 1st period - Snap shot by Daniel Paille.
18:53 of 1st period - Stopped by Ondrej Pavelec with a rebound.
18:55 of 1st period - Wrist shot by Erik Christensen.
18:55 of 1st period - Goal by Erik Christensen - Penguins : 1 - Canucks : 2.
18:56 of 1st period - Ryan Getzlaf wins face-off versus Ryan Kesler in neutral zone.
18:59 of 1st period - Slapshot by Mark Streit.
18:59 of 1st period - Stopped by Ondrej Pavelec without a rebound.
19:00 of 1st period - Ryan Getzlaf wins face-off versus Ryan Kesler in Penguins zone.
19:58 of 1st period - Slapshot by Jiri Hudler.
19:58 of 1st period - Shot Blocked by Mike Watt.
2nd period
0:01 of 2nd period - Ryan Kesler wins face-off versus Ryan Getzlaf in neutral zone.
0:12 of 2nd period - Snap shot by Ted Purcell.
0:12 of 2nd period - Deflect By Brad Isbister.
0:12 of 2nd period - Stopped by Carey Price without a rebound.
0:13 of 2nd period - Ryan Getzlaf wins face-off versus Ryan Kesler in Canucks zone.
1:01 of 2nd period - Slapshot by Brent Sopel.
1:01 of 2nd period - Stopped by Ondrej Pavelec without a rebound.
1:02 of 2nd period - Denis Arkhipov wins face-off versus Jiri Hudler in Penguins zone.
1:51 of 2nd period - Slapshot by Scott Niedermayer.
1:51 of 2nd period - Shot Blocked by Marc-Édouard Vlasic.
1:53 of 2nd period - Snap shot by Jeremy Williams.
1:53 of 2nd period - Shot Misses the Net.
1:55 of 2nd period - Snap shot by Jeremy Williams.
1:55 of 2nd period - Shot Blocked by Dan Hamhuis.
1:57 of 2nd period - Slapshot by François Beauchemin.
1:57 of 2nd period - Shot Misses the Net.
2:22 of 2nd period - Minor Penalty to Steven Reinprecht for Hooking.
2:23 of 2nd period - Ryan Getzlaf wins face-off versus Denis Arkhipov in Penguins zone.
2:58 of 2nd period - Snap shot by Zigmund Palffy.
2:58 of 2nd period - Stopped by Ondrej Pavelec without a rebound.
2:59 of 2nd period - Matt Stajan wins face-off versus Denis Arkhipov in Penguins zone.
3:10 of 2nd period - Wrist shot by Fabian Brunnstrom.
3:10 of 2nd period - Stopped by Ondrej Pavelec with a rebound.
3:12 of 2nd period - Slapshot by Zigmund Palffy.
3:12 of 2nd period - Stopped by Ondrej Pavelec with a rebound.
3:42 of 2nd period - Matt Stajan is hit by Peter Forsberg and loses puck.
4:22 of 2nd period - Penalty to Steven Reinprecht is over, Steven Reinprecht is back on ice.
4:43 of 2nd period - Minor Penalty to Erik Christensen for Tripping.
4:44 of 2nd period - Peter Forsberg wins face-off versus Jaromir Jagr in Canucks zone.
4:48 of 2nd period - Snap shot by Taylor Pyatt.
4:48 of 2nd period - Stopped by Carey Price without a rebound.
4:49 of 2nd period - Jaromir Jagr wins face-off versus Peter Forsberg in Canucks zone.
4:49 of 2nd period - Jaromir Jagr is hit by Taylor Pyatt.
5:05 of 2nd period - Snap shot by Taylor Pyatt.
5:05 of 2nd period - Stopped by Carey Price with a rebound.
5:17 of 2nd period - Snap shot by Ryan Kesler.
5:17 of 2nd period - Stopped by Carey Price with a rebound.
5:19 of 2nd period - Slapshot by Marc-Édouard Vlasic.
5:19 of 2nd period - Stopped by Carey Price with a rebound.
5:21 of 2nd period - Wrist shot by Mike Watt.
5:21 of 2nd period - Stopped by Carey Price without a rebound.
5:22 of 2nd period - Jaromir Jagr wins face-off versus Ryan Kesler in Canucks zone.
5:41 of 2nd period - Slapshot by Peter Forsberg.
5:41 of 2nd period - Shot Misses the Net.
5:43 of 2nd period - Snap shot by Taylor Pyatt.
5:43 of 2nd period - Stopped by Carey Price without a rebound.
5:44 of 2nd period - Jaromir Jagr wins face-off versus Peter Forsberg in Canucks zone.
5:44 of 2nd period - Jaromir Jagr is hit by Marc-Édouard Vlasic.
5:54 of 2nd period - Slapshot by Peter Forsberg.
5:54 of 2nd period - Stopped by Carey Price without a rebound.
5:55 of 2nd period - Jaromir Jagr wins face-off versus Peter Forsberg in Canucks zone.
6:06 of 2nd period - Slapshot by Peter Forsberg.
6:06 of 2nd period - Goal by Peter Forsberg - Penguins : 2 - Canucks : 2.
6:07 of 2nd period - Peter Forsberg wins face-off versus Ryan Getzlaf in neutral zone.
6:10 of 2nd period - Ryan Getzlaf is hit by Peter Forsberg.
6:41 of 2nd period - Minor Penalty to Brent Sopel for Tripping.
6:42 of 2nd period - Jaromir Jagr wins face-off versus Peter Forsberg in Canucks zone.
6:51 of 2nd period - Wrist shot by Peter Forsberg.
6:51 of 2nd period - Stopped by Carey Price with a rebound.
6:53 of 2nd period - Slapshot by Marc-Édouard Vlasic.
6:53 of 2nd period - Stopped by Carey Price with a rebound.
7:14 of 2nd period - Snap shot by Ryan Kesler.
7:14 of 2nd period - Shot Blocked by Derian Hatcher.
7:16 of 2nd period - Wrist shot by Mike Watt.
7:16 of 2nd period - Stopped by Carey Price with a rebound.
7:29 of 2nd period - Minor Penalty to Peter Worrell for Holding.
7:30 of 2nd period - Jaromir Jagr wins face-off versus Peter Forsberg in Canucks zone.
7:43 of 2nd period - Snap shot by Dan Hamhuis.
7:43 of 2nd period - Shot Misses the Net.
8:41 of 2nd period - Penalty to Brent Sopel is over, Brent Sopel is back on ice.
9:29 of 2nd period - Penalty to Peter Worrell is over, Peter Worrell is back on ice.
11:54 of 2nd period - Slapshot by Marc-Édouard Vlasic.
11:54 of 2nd period - Shot Blocked by Peter Worrell.
11:56 of 2nd period - Slapshot by Taylor Pyatt.
11:56 of 2nd period - Stopped by Carey Price without a rebound.
11:57 of 2nd period - Peter Forsberg wins face-off versus Matt Stajan in Canucks zone.
11:58 of 2nd period - Wrist shot by Darren Reid.
11:58 of 2nd period - Shot Misses the Net.
12:00 of 2nd period - Snap shot by Dan Hamhuis.
12:00 of 2nd period - Deflect By Zigmund Palffy.
12:00 of 2nd period - Stopped by Carey Price without a rebound.
12:01 of 2nd period - Jaromir Jagr wins face-off versus Darren Reid in Canucks zone.
12:40 of 2nd period - Mark Streit is hit by Dan Hamhuis and loses puck.
13:18 of 2nd period - Snap shot by Clarke MacArthur.
13:18 of 2nd period - Stopped by Ondrej Pavelec with a rebound.
14:36 of 2nd period - Snap shot by Scott Niedermayer.
14:36 of 2nd period - Shot Blocked by Tom Preissing.
14:55 of 2nd period - Slapshot by Steve Staios.
14:55 of 2nd period - Stopped by Carey Price with a rebound.
16:42 of 2nd period - Snap shot by Peter Worrell.
16:42 of 2nd period - Shot Misses the Net.
16:44 of 2nd period - Slapshot by Scott Niedermayer.
16:44 of 2nd period - Shot Misses the Net.
16:46 of 2nd period - Snap shot by Zigmund Palffy.
16:46 of 2nd period - Stopped by Ondrej Pavelec with a rebound.
16:48 of 2nd period - Snap shot by Matt Stajan.
16:48 of 2nd period - Shot Blocked by Steve Staios.
16:50 of 2nd period - Slapshot by François Beauchemin.
16:50 of 2nd period - Stopped by Ondrej Pavelec with a rebound.
17:06 of 2nd period - Snap shot by Matt Stajan.
17:06 of 2nd period - Shot Blocked by Steve Staios.
17:12 of 2nd period - Slapshot by Matt Stajan.
17:12 of 2nd period - Goal by Matt Stajan - Penguins : 2 - Canucks : 3.
17:13 of 2nd period - Ryan Getzlaf wins face-off versus Ryan Kesler in neutral zone.
17:21 of 2nd period - Off-side.
17:22 of 2nd period - Ryan Getzlaf wins face-off versus Ted Purcell in neutral zone.
17:29 of 2nd period - Slapshot by Jaromir Jagr.
17:29 of 2nd period - Shot Blocked by Marc-Édouard Vlasic.
17:45 of 2nd period - Slapshot by Jaromir Jagr.
17:45 of 2nd period - Stopped by Ondrej Pavelec with a rebound.
17:47 of 2nd period - Slapshot by Mark Streit.
17:47 of 2nd period - Stopped by Ondrej Pavelec with a rebound.
17:49 of 2nd period - Snap shot by Clarke MacArthur.
17:49 of 2nd period - Shot Blocked by Dan Hamhuis.
17:55 of 2nd period - Wrist shot by Clarke MacArthur.
17:55 of 2nd period - Stopped by Ondrej Pavelec with a rebound.
17:57 of 2nd period - Snap shot by Ryan Getzlaf.
17:57 of 2nd period - Stopped by Ondrej Pavelec with a rebound.
17:59 of 2nd period - Snap shot by Jaromir Jagr.
17:59 of 2nd period - Stopped by Ondrej Pavelec with a rebound.
18:01 of 2nd period - Slapshot by Mark Streit.
18:01 of 2nd period - Deflect By Jaromir Jagr.
18:01 of 2nd period - Stopped by Ondrej Pavelec with a rebound.
18:03 of 2nd period - Snap shot by Jaromir Jagr.
18:03 of 2nd period - Shot Blocked by Ted Purcell.
18:09 of 2nd period - Snap shot by Ryan Getzlaf.
18:09 of 2nd period - Stopped by Ondrej Pavelec with a rebound.
18:11 of 2nd period - Slapshot by Brent Sopel.
18:11 of 2nd period - Shot Misses the Net.
18:13 of 2nd period - Snap shot by Mark Streit.
18:13 of 2nd period - Shot Misses the Net.
18:15 of 2nd period - Snap shot by Clarke MacArthur.
18:15 of 2nd period - Stopped by Ondrej Pavelec with a rebound.
18:17 of 2nd period - Wrist shot by Clarke MacArthur.
18:17 of 2nd period - Goal by Clarke MacArthur - Penguins : 2 - Canucks : 4.
18:18 of 2nd period - Jiri Hudler wins face-off versus Dainius Zubrus in neutral zone.
18:23 of 2nd period - Slapshot by Derian Hatcher.
18:23 of 2nd period - Shot Blocked by Carlo Colaiacovo.
19:06 of 2nd period - Jaromir Jagr is hit by Marc-Édouard Vlasic and loses puck.
19:35 of 2nd period - Carlo Colaiacovo is hit by Erik Christensen.
3rd period
0:01 of 3rd period - Ryan Kesler wins face-off versus Ryan Getzlaf in neutral zone.
0:38 of 3rd period - Snap shot by Ryan Getzlaf.
0:38 of 3rd period - Stopped by Ondrej Pavelec without a rebound.
0:39 of 3rd period - Taylor Pyatt wins face-off versus Matt Stajan in Penguins zone.
0:39 of 3rd period - Minor Penalty to Joe Callahan for Interference.
0:40 of 3rd period - Jaromir Jagr wins face-off versus Peter Forsberg in Canucks zone.
0:53 of 3rd period - Wrist shot by Peter Forsberg.
0:53 of 3rd period - Stopped by Carey Price without a rebound.
0:54 of 3rd period - Jaromir Jagr wins face-off versus Peter Forsberg in Canucks zone.
1:30 of 3rd period - Snap shot by Marc-Édouard Vlasic.
1:30 of 3rd period - Shot Blocked by Brent Sopel.
1:49 of 3rd period - Clarke MacArthur is hit by Darren Reid and loses puck.
2:39 of 3rd period - Penalty to Joe Callahan is over, Joe Callahan is back on ice.
2:52 of 3rd period - Wrist shot by Mark Streit.
2:52 of 3rd period - Deflect By Jeremy Williams.
2:52 of 3rd period - Shot Misses the Net.
2:52 of 3rd period - Puck is out of play.
2:53 of 3rd period - Erik Christensen wins face-off versus Steven Reinprecht in Penguins zone.
2:56 of 3rd period - Wrist shot by Erik Christensen.
2:56 of 3rd period - Shot Misses the Net.
3:10 of 3rd period - Snap shot by Ville Peltonen.
3:10 of 3rd period - Stopped by Carey Price without a rebound.
3:11 of 3rd period - Taylor Pyatt wins face-off versus Ryan Getzlaf in Canucks zone.
3:20 of 3rd period - Wrist shot by Clarke MacArthur.
3:20 of 3rd period - Deflect By Peter Forsberg.
3:20 of 3rd period - Shot Misses the Net.
3:20 of 3rd period - Puck is out of play.
3:21 of 3rd period - Peter Forsberg wins face-off versus Ryan Getzlaf in Penguins zone.
3:54 of 3rd period - Mark Streit is hit by Carlo Colaiacovo and loses puck.
4:33 of 3rd period - Slapshot by Darren Reid.
4:33 of 3rd period - Deflect By Peter Forsberg.
4:33 of 3rd period - Stopped by Carey Price with a rebound.
4:35 of 3rd period - Slapshot by Brooks Orpik.
4:35 of 3rd period - Shot Blocked by Brent Sopel.
4:45 of 3rd period - Darren Reid is hit by Ryan Getzlaf and loses puck.
5:00 of 3rd period - Snap shot by Taylor Pyatt.
5:00 of 3rd period - Stopped by Carey Price without a rebound.
5:01 of 3rd period - Matt Stajan wins face-off versus Ryan Kesler in Canucks zone.
5:30 of 3rd period - Scott Niedermayer is hit by Denis Arkhipov and loses puck.
5:53 of 3rd period - Snap shot by Steve Staios.
5:53 of 3rd period - Stopped by Carey Price with a rebound.
5:55 of 3rd period - Slapshot by Ville Peltonen.
5:55 of 3rd period - Shot Hit the Post.
5:57 of 3rd period - Backhand shot by Tom Preissing.
5:57 of 3rd period - Shot Blocked by Scott Niedermayer.
5:59 of 3rd period - Snap shot by Steve Staios.
5:59 of 3rd period - Shot Misses the Net.
6:41 of 3rd period - Erik Christensen is hit by Denis Arkhipov and loses puck.
6:48 of 3rd period - Denis Arkhipov is hit by Derian Hatcher and loses puck.
6:59 of 3rd period - Snap shot by Jeremy Williams.
6:59 of 3rd period - Stopped by Ondrej Pavelec with a rebound.
7:01 of 3rd period - Slapshot by Mark Streit.
7:01 of 3rd period - Deflect By Daniel Paille.
7:01 of 3rd period - Stopped by Ondrej Pavelec with a rebound.
7:03 of 3rd period - Slapshot by Brent Sopel.
7:03 of 3rd period - Stopped by Ondrej Pavelec with a rebound.
7:05 of 3rd period - Slapshot by Jeremy Williams.
7:05 of 3rd period - Shot Misses the Net.
7:07 of 3rd period - Snap shot by Brent Sopel.
7:07 of 3rd period - Shot Blocked by Mike Watt.
7:11 of 3rd period - Slapshot by Jeremy Williams.
7:11 of 3rd period - Stopped by Ondrej Pavelec with a rebound.
7:17 of 3rd period - Dan Hamhuis is hit by Daniel Paille and loses puck.
7:30 of 3rd period - Snap shot by Dainius Zubrus.
7:30 of 3rd period - Shot Misses the Net.
7:32 of 3rd period - Slapshot by Mike Watt.
7:32 of 3rd period - Shot Blocked by Derian Hatcher.
7:34 of 3rd period - Wrist shot by Mike Watt.
7:34 of 3rd period - Stopped by Carey Price with a rebound.
7:36 of 3rd period - Snap shot by Tom Preissing.
7:36 of 3rd period - Stopped by Carey Price with a rebound.
7:38 of 3rd period - Slapshot by Tom Preissing.
7:38 of 3rd period - Deflect By Dainius Zubrus.
7:38 of 3rd period - Stopped by Carey Price with a rebound.
7:52 of 3rd period - Snap shot by Dainius Zubrus.
7:52 of 3rd period - Shot Misses the Net.
7:54 of 3rd period - Slapshot by Brooks Orpik.
7:54 of 3rd period - Shot Misses the Net.
7:56 of 3rd period - Snap shot by Steve Staios.
7:56 of 3rd period - Stopped by Carey Price without a rebound.
7:57 of 3rd period - Matt Stajan wins face-off versus Ryan Kesler in Canucks zone.
8:28 of 3rd period - Wrist shot by Jaromir Jagr.
8:28 of 3rd period - Shot Misses the Net.
9:06 of 3rd period - Carlo Colaiacovo is hit by Zigmund Palffy and loses puck.
9:17 of 3rd period - Matt Stajan is hit by Carlo Colaiacovo and loses puck.
12:27 of 3rd period - Daniel Paille is hit by Ryan Kesler and loses puck.
12:34 of 3rd period - Marc-Édouard Vlasic is hit by Jeremy Williams and loses puck.
12:51 of 3rd period - Scott Niedermayer is hit by Taylor Pyatt and loses puck.
13:21 of 3rd period - Matt Stajan is hit by Jere Lehtinen and loses puck.
13:46 of 3rd period - Jiri Hudler is hit by Ryan Kesler and loses puck.
14:15 of 3rd period - Carlo Colaiacovo is hit by François Beauchemin and loses puck.
14:36 of 3rd period - Clarke MacArthur is hit by Darren Reid and loses puck.
15:15 of 3rd period - Off-side.
15:16 of 3rd period - Peter Forsberg wins face-off versus Matt Stajan in neutral zone.
15:25 of 3rd period - Wrist shot by Peter Worrell.
15:25 of 3rd period - Stopped by Ondrej Pavelec with a rebound.
15:26 of 3rd period - Minor Penalty to Darren Reid for Hooking.
15:27 of 3rd period - Ryan Getzlaf wins face-off versus Denis Arkhipov in Penguins zone.
16:35 of 3rd period - Off-side.
16:36 of 3rd period - Peter Forsberg wins face-off versus Jaromir Jagr in neutral zone.
16:40 of 3rd period - Minor Penalty to Peter Forsberg for Holding.
16:41 of 3rd period - Ryan Getzlaf wins face-off versus Denis Arkhipov in Penguins zone.
16:44 of 3rd period - Snap shot by Clarke MacArthur.
16:44 of 3rd period - Shot Misses the Net.
16:46 of 3rd period - Wrist shot by Jaromir Jagr.
16:46 of 3rd period - Stopped by Ondrej Pavelec with a rebound.
16:48 of 3rd period - Slapshot by Scott Niedermayer.
16:48 of 3rd period - Shot Blocked by Denis Arkhipov.
17:26 of 3rd period - Penalty to Darren Reid is over, Darren Reid is back on ice.
18:40 of 3rd period - Penalty to Peter Forsberg is over, Peter Forsberg is back on ice.
18:50 of 3rd period - Joe Callahan is hit by Peter Forsberg and loses puck.
19:29 of 3rd period - Wrist shot by Erik Christensen.
19:29 of 3rd period - Stopped by Ondrej Pavelec with a rebound.
19:57 of 3rd period - Steve Staios is hit by Jeremy Williams and loses puck.
Output by the SimonT Hockey Simulator (STHS) for François Prévost -- Original Page W3C XHTML 1.0 Valid